AoeStats
← *29

Oasis

507964545Analyzed
4v4 RM · 12d ago on Sep 20, 2026· 40m 57s· 8 players
Game mode
Random Map
Map size
Large (8 player)
Population
200
Speed
Normal
Resources
Standard
Victory
Conquest
Starting age
Dark Age
Ending age
Imperial Age
RankedLock teamsTeams togetherTeam positionsShared explorationLock speedFull tech treeHidden civsTurbo modeCheats
Victory
Defeat
🇨🇳 Romans · China
880
+13
🇨🇳 Spanish · China
878
+13
🇹🇼 Turks · Taiwan
865
+14
🇹🇼 Britons · Taiwan
841
+14
🇬🇧 Bohemians · United Kingdom
857
-15
🇨🇳 Mongols · China
809
-13
🇸🇪 Bengalis · Sweden
802
-13
🇨🇿 Romans · Czechia
797
-13
h1590
10:35 Feudal Age
10:48 Loom
14:33 Castle Age
16:07 Double-Bit Axe
29:01 Imperial Age
27:16 Wheelbarrow
26:58 Bow Saw
26:45 Gold Mining
28:28 Horse Collar
29:10 Padded Archer Armor
29:04 Fletching
32:01 Hand Cart
34:49 Gold Shaft Mining
34:09 Stone Mining
34:53 Leather Archer Armor
35:38 Conscription
37:01 Artillery
38:14 Bloodlines
38:53 Elite Janissary
*29
1:42 Loom
2:50 Loom
11:15 Feudal Age
12:45 Wheelbarrow
15:24 Fletching
19:43 Padded Archer Armor
24:18 Castle Age
22:04 Horse Collar
22:14 Double-Bit Axe
25:23 Hand Cart
25:58 Crossbowman
27:02 Bow Saw
27:57 Bodkin Arrow
29:01 Treadmill Crane
30:16 Gold Mining
31:55 Stone Mining
32:41 Gold Shaft Mining
32:18 Heavy Plow
32:08 Town Watch
32:59 Leather Archer Armor
33:53 Ballistics
34:39 Caravan
38:30 Imperial Age
37:45 Masonry
37:30 Murder Holes
38:38 Yeomen
40:37 Conscription
42:01 Two-Man Saw
40:24 Arbalester
41:11 Bracer
41:43 Ring Archer Armor
caihongjiuzi
12:19 Feudal Age
13:39 Horse Collar
17:45 Castle Age
15:54 Double-Bit Axe
18:50 Heavy Plow
18:58 Gold Mining
19:18 Pikeman
21:47 Man-at-Arms
25:04 Wheelbarrow
25:21 Scale Mail Armor
24:47 Long Swordsman
27:51 Gold Shaft Mining
27:45 Bow Saw
30:29 Forging
30:35 Chain Mail Armor
30:48 Hand Cart
30:29 Light Cavalry
32:39 Iron Casting
34:52 Imperial Age
34:59 Heavy Scorpion
35:09 Legionary
37:42 Squires
39:08 Blast Furnace
38:45 Ballistas
38:17 Capped Ram
39:47 Siege Ram
S个帅哥
12:32 Feudal Age
18:30 Castle Age
17:13 Double-Bit Axe
17:52 Stone Mining
17:47 Horse Collar
27:38 Heavy Plow
32:10 Gold Mining
34:46 Wheelbarrow
33:57 Loom
33:59 Town Watch
40:58 Stone Shaft Mining
40:50 Bow Saw
LV小吕
13:25 Feudal Age
14:14 Double-Bit Axe
14:22 Horse Collar
18:39 Wheelbarrow
20:28 Castle Age
19:37 Wheelbarrow
19:00 Stone Mining
19:15 Gold Mining
25:05 Stone Shaft Mining
26:20 Nomads
27:38 Hand Cart
28:18 Heavy Plow
28:47 Bow Saw
33:12 Imperial Age
31:27 Town Watch
32:11 Town Patrol
34:56 Chemistry
34:17 Ballistics
34:46 Parthian Tactics
36:15 Conscription
36:33 Elite Mangudai
37:35 Fletching
37:53 Scale Barding Armor
38:25 Forging
38:15 Bodkin Arrow
39:24 Husbandry
39:33 Thumb Ring
39:43 Bloodlines
39:57 Bracer
40:22 Chain Barding Armor
40:15 Light Cavalry
realpuledi
12:03 Feudal Age
15:53 Castle Age
16:02 Horse Collar
17:19 Heavy Plow
24:11 Wheelbarrow
23:23 Loom
25:20 Double-Bit Axe
26:15 Hand Cart
25:46 Town Watch
Viper
2:57 Loom
11:16 Feudal Age
12:40 Wheelbarrow
11:52 Horse Collar
12:04 Double-Bit Axe
13:33 Stone Mining
14:08 Gold Mining
21:53 Castle Age
19:53 Man-at-Arms
20:53 Forging
20:43 Scale Mail Armor
20:34 Fletching
23:02 Hand Cart
23:18 Bow Saw
24:00 Gold Shaft Mining
26:46 Heavy Plow
31:54 Imperial Age
31:25 Long Swordsman
32:27 Caravan
32:58 Coinage
37:36 Conscription
38:23 Siege Engineers
38:16 Murder Holes
38:37 Heavy Scorpion
38:48 Legionary
ricksanchez
0:44 Loom
14:33 Feudal Age
16:31 Wheelbarrow
18:04 Double-Bit Axe
18:49 Horse Collar
21:15 Castle Age
19:39 Stone Mining
19:42 Gold Mining
22:55 Hand Cart
37:38 Gold Shaft Mining
39:26 Husbandry
39:36 Bloodlines
Connection lost

Rejoining the realm…

Still unreachable

The connection could not be restored.

Session expired

The server has moved on; the page needs a fresh start.